 Dungeon Crawl Stone Soup version 0.31-a0-271-gb88eb75e06 (webtiles) character file.

Game seed: 12082563657827635818

450 mdonais the Trooper (level 7, 0/53 HPs)
             Began as an Octopode Brigand on July 15, 2023.
             Was a Follower of Dithmenos.
             Slain by a hound (2 damage)
             ... on level 5 of the Dungeon.
             The game lasted 00:09:13 (3138 turns).

mdonais the Trooper (Octopode Brigand)              Turns: 3138, Time: 00:09:13

Health: 0/53       AC:  1    Str: 10    XL:     7   Next: 4%
Magic:  7/7        EV: 13    Int: 14    God:    Dithmenos [*.....]
Gold:   323        SH:  0    Dex: 15    Spells: 4/6 levels left

rFire   . . .        b - +8 sling of Xom's Regard {heavy, rC+ rCorr}
rCold   + . .        (no shield)
rNeg    . . .        (helmet restricted)
rPois   .            (no amulet)
rElec   .            (no ring)
rCorr   +            (no ring)
SInv    .            (no ring)
Will    .....        (no ring)
Stlth   +++++        (no ring)
HPRegen 0.28/turn    (no ring)
MPRegen 0.10/turn    (no ring)
                     (no ring)

%: no passive effects
@: wreathed by umbra
A: almost no armour, amphibious, 8 rings, camouflage 1, gelatinous body 1,
(nimble swimmer 1), tentacles
a: Renounce Religion


You were on level 5 of the Dungeon.
You worshipped Dithmenos.
Dithmenos was aware of your devotion.
You visited 1 branch of the dungeon, and saw 5 of its levels.

You collected 371 gold pieces.
You spent 48 gold pieces at shops.

Inventory:

Hand Weapons
 a - a +4 quarterstaff of chaos
   (You took it off Crazy Yiuf on level 3 of the Dungeon)
 b - the +8 sling of Xom's Regard (weapon) {heavy, rC+ rCorr}
   (You found it on level 4 of the Dungeon)

   rC:        It protects you from cold.
   rCorr:     It protects you from acid and corrosion.
 j - a +1 falchion of holy wrath
   (You found it on level 3 of the Dungeon)
 n - a +2 dagger
 p - a +0 sling
   (You found it on level 3 of the Dungeon)
Missiles
 m - 8 poisoned darts
 t - 3 boomerangs
 v - 5 javelins
 F - a curare-tipped dart
Scrolls
 c - 2 scrolls of enchant armour
 e - a scroll of vulnerability
 f - a scroll of revelation
 g - a scroll of silence {unknown}
 h - a scroll of fear {unknown}
 i - a scroll of enchant weapon {unknown}
 o - a scroll of brand weapon {unknown}
 q - a scroll of noise {unknown}
 r - a scroll of fog {unknown}
Potions
 d - a potion of magic
 k - 2 potions of brilliance {unknown}
 l - a potion of attraction {unknown}


   Skills:
 - Level 6.3 Fighting
 - Level 2.0 Short Blades
 + Level 3.1 Ranged Weapons
 - Level 2.0 Throwing
 - Level 1.5 Dodging
 - Level 5.3 Stealth


You had 4 spell levels left.
You knew the following spells:

 Your Spells              Type           Power      Damage    Failure   Level
a - Blink                 Tloc           0%         N/A       41%         2

Your spell library contained the following spells:

 Spells                   Type           Power      Damage    Failure   Level
 Manifold Assault         Tloc           0%         N/A       96%         4


Dungeon Overview and Level Annotations

Branches:
Dungeon (5/15) Zot: 26841
 Temple: D:4-7

Altars:
Dithmenos
Elyvilon
Fedhas
Hepliaklqana
Okawaru
Qazlal
Xom

Shops:
D:1 :   D:2 *=!


Innate Abilities, Weirdness & Mutations

You cannot wear most types of armour.
You are amphibious.
You can wear up to eight rings at the same time.
Your skin changes colour to match your surroundings (Stealth+).
Your rubbery body absorbs attacks. (AC +1, EV +1)
((You are camouflaged when in or above water. (Stealth+)))
You have tentacles for arms and can constrict up to eight enemies at once.


Message History

An orc is nearby!
You regained 2 hp, and now have 40/47 hp.
You shoot a sling bullet. The orc shouts!
The sling bullet hits the orc!
You kill the orc!
Dithmenos accepts your kill.
No target in view!
HP restored.
Found a stone staircase leading down.
l - a bubbling yellow potion Health restored: 47 Ijyb the Twisted Goblin comes into view.
She is wielding a +0 dagger and carrying a wand of paralysis.
You shoot a sling bullet.
The sling bullet completely misses Ijyb.
Ijyb shouts!
Ijyb zaps a wand.
You resist with some effort.
You shoot a sling bullet. The sling bullet hits Ijyb.
Ijyb is lightly wounded.
An adder comes into view.
Throw: 3 darts (curare)
Press: ? - help, Q - select action, (/) - cycle Shift-Dir - straight line, f/p - Ijyb
Aim: Ijyb, wielding a +0 dagger, wearing a +0 ring mail and carrying a wand of paralysis (lightly wounded, 57% to hit)
You throw a curare-tipped dart.
The curare-tipped dart closely misses Ijyb.
An iguana comes into view.
An adder comes into view.
Throw: 2 darts (curare)
Press: ? - help, Q - select action, (/) - cycle Shift-Dir - straight line, f/p - Ijyb
Aim: Ijyb, wielding a +0 dagger, wearing a +0 ring mail and carrying a wand of paralysis (lightly wounded, 57% to hit)
You throw a curare-tipped dart. The curare-tipped dart hits Ijyb.
Ijyb is poisoned.
Ijyb convulses.
Ijyb seems to slow down.
Ijyb is heavily wounded.
The adder hisses angrily.
You hear a bark!
Fire: b) +8 sling of Xom's Regard {heavy, rC+ rCorr}
Press: ? - help, Q - select action, (/) - cycle Shift-Dir - straight line, f/p - Ijyb
Aim: Ijyb, wielding a +0 dagger, wearing a +0 ring mail and carrying a wand of paralysis (heavily wounded, very poisoned, slow, 66% to hit)
You shoot a sling bullet. The sling bullet hits Ijyb!
Ijyb is almost dead.
You kill Ijyb!
Dithmenos accepts your kill.
A hound comes into view.
You shoot a sling bullet.
The sling bullet barely misses the adder.
The sling bullet hits the iguana!
The iguana is heavily wounded.
An orc comes into view. It is wielding a +0 hand axe.
The adder closely misses you.
You shoot a sling bullet. The sling bullet misses the adder.
The sling bullet barely misses the iguana.
The orc shouts!
The adder barely misses you. The adder bites you.
You are poisoned.
The adder poisons you! The iguana barely misses you.
You take 2 damage, and have 45/47 hp.
You shoot a sling bullet. The sling bullet hits the iguana!
You kill the iguana!
Dithmenos accepts your kill.
You feel sick. The adder bites you. The adder barely misses you. x2
A hound comes into view.
The adder bites you.
You are more poisoned.
The adder poisons you! The adder misses you.
The adder bites you but does no damage.
The hound moves out of view.
You take 6 damage, and have 39/47 hp.
Fire: b) +8 sling of Xom's Regard {heavy, rC+ rCorr}
Press: ? - help, Q - select action, (/) - cycle Shift-Dir - straight line, f - adder
Aim: an adder (umbra, 55% to hit)
You shoot a sling bullet. The sling bullet misses the adder.
The sling bullet closely misses the orc.
You feel very sick. The adder bites you. The adder barely misses you.
The adder bites you. x2
You are more poisoned.
The adder poisons you!
You take 9 damage, and have 30/47 hp.
Fire: b) +8 sling of Xom's Regard {heavy, rC+ rCorr}
Press: ? - help, Q - select action, (/) - cycle Shift-Dir - straight line, f/p - adder
Aim: an adder (umbra, 55% to hit)
You shoot a sling bullet. The sling bullet hits the adder!
The adder is almost dead.
You feel very sick. The adder bites you. The adder closely misses you.
The orc misses you. The adder bites you.
You are more poisoned.
The adder poisons you! The adder misses you. The orc barely misses you.
You take 7 damage, and have 23/47 hp.
Fire: b) +8 sling of Xom's Regard {heavy, rC+ rCorr}
Press: ? - help, Q - select action, (/) - cycle Shift-Dir - straight line, f/p - adder
Aim: an adder (almost dead, umbra, 55% to hit)
You shoot a sling bullet. The sling bullet hits the adder.
You kill the adder!
Dithmenos accepts your kill.
You feel very sick. The adder bites you.
You are more poisoned.
The adder poisons you! The orc misses you. The adder barely misses you.
The orc misses you. The adder closely misses you.
Your Ranged Weapons skill increases to level 3!
You have reached level 7!
You take 6 damage, and have 17/53 hp.
MP restored: 7 You feel better.
The adder misses you. The orc barely misses you.
You regained 6 hp, and now have 23/53 hp.
Fire: b) +8 sling of Xom's Regard {heavy, rC+ rCorr}
Press: ? - help, Q - select action, (/) - cycle Shift-Dir - straight line, f - adder
Aim: an adder (umbra, 55% to hit)
You shoot a sling bullet. The sling bullet hits the adder!
You kill the adder!
Dithmenos accepts your kill. The orc hits you with a +0 hand axe.
The hound closely misses you. The orc closely misses you.
The hound barely misses you.
You take 2 damage, and have 21/53 hp.
Fire: b) +8 sling of Xom's Regard {heavy, rC+ rCorr}
Press: ? - help, Q - select action, (/) - cycle Shift-Dir - straight line, f - orc
Aim: an orc, wielding a +0 hand axe (umbra, 69% to hit)
You shoot a sling bullet. The sling bullet hits the orc!
You kill the orc!
Dithmenos accepts your kill. The hound closely misses you.
The hound bites you. x2
* * * LOW HITPOINT WARNING * * *
You take 9 damage, and have 12/53 hp.
Fire: b) +8 sling of Xom's Regard {heavy, rC+ rCorr}
Press: ? - help, Q - select action, (/) - cycle Shift-Dir - straight line, f - hound
Aim: a hound (umbra, 61% to hit)
You shoot a sling bullet.
The sling bullet barely misses the hound.
The hound barely misses you. The hound bites you.
* * * LOW HITPOINT WARNING * * *
You take 2 damage, and have 10/53 hp.
Fire: b) +8 sling of Xom's Regard {heavy, rC+ rCorr}
Press: ? - help, Q - select action, (/) - cycle Shift-Dir - straight line, f/p - hound
Aim: a hound (umbra, 61% to hit)
You shoot a sling bullet.
The sling bullet closely misses the hound.
The hound closely misses you. The hound bites you.
* * * LOW HITPOINT WARNING * * *
The hound bites you.
* * * LOW HITPOINT WARNING * * *
You take 4 damage, and have 6/53 hp.
Fire: b) +8 sling of Xom's Regard {heavy, rC+ rCorr}
Press: ? - help, Q - select action, (/) - cycle Shift-Dir - straight line, f/p - hound
Aim: a hound (umbra, 61% to hit)
You shoot a sling bullet.
The sling bullet closely misses the hound.
The hound bites you.
* * * LOW HITPOINT WARNING * * *
The hound bites you.
You die...

#####.####. # #
#............
#.#.######............
..............).....#
#.......#.........).#
###.##.<#...........#
# #..#<....).....#
#..#........)..#...
...........@†.)(.>(
##..#.#.##.h#####...
#..#.#............
#..#.############.
#..#.


You could see a hound.

Vanquished Creatures
  A water moccasin (D:3)
  A hound (D:4)
  Crazy Yiuf (D:3)
  2 orc priests (D:5)
  Ijyb (D:5)
  An iguana (D:5)
  3 gnolls (D:4)
  6 adders
  A worm (D:2)
  A dart slug (D:1)
  3 orcs
  6 ball pythons
  6 endoplasms
  6 giant cockroaches
  10 goblins
  7 hobgoblins
  4 jackals (D:1)
  3 kobolds
  4 quokkas
  6 bats
  A frilled lizard (D:3)
  4 rats
78 creatures vanquished.

Notes
Turn   | Place    | Note
-------+----------+-------------------------------------------
     0 | D:1      | mdonais the Octopode Brigand began the quest for the Orb.
     0 | D:1      | Reached XP level 1. HP: 14/14 MP: 1/1
    65 | D:1      | Reached XP level 2. HP: 13/20 MP: 2/2
   215 | D:1      | Reached skill level 3 in Fighting
   296 | D:1      | Found Liuv's Book Shop.
   309 | D:1      | Reached XP level 3. HP: 21/26 MP: 3/3
   687 | D:2      | Reached skill level 4 in Fighting
   725 | D:2      | Found Dafothru's Jewellery Shop.
   886 | D:2      | Found Utier's Distillery.
  1043 | D:2      | Reached XP level 4. HP: 33/33 MP: 4/4
  1154 | D:2      | Found Wirullak's Assorted Antiques.
  1164 | D:2      | Bought a scroll labelled VIOXOF YFIEPS for 24 gold pieces
  1164 | D:2      | Bought a scroll labelled SELEME NIPPIUKH for 24 gold pieces
  1332 | D:2      | Found a faded altar of an unknown god.
  1485 | D:2      | Prayed at the altar of an unknown god.
  1485 | D:2      | Became a worshipper of Dithmenos the Shadowed
  1485 | D:2      | Reached * piety under Dithmenos
  1674 | D:3      | Noticed a water moccasin
  1682 | D:3      | Killed a water moccasin
  1683 | D:3      | Reached skill level 5 in Fighting
  1683 | D:3      | Reached XP level 5. HP: 11/41 MP: 5/5
  2179 | D:3      | Found a white marble altar of Elyvilon.
  2294 | D:3      | Found a runed translucent door.
  2295 | D:3      | Noticed Crazy Yiuf
  2305 | D:3      | Killed Crazy Yiuf
  2306 | D:3      | Reached skill level 6 in Fighting
  2306 | D:3      | Reached XP level 6. HP: 41/46 MP: 6/6
  2462 | D:4      | Learned a level 2 spell: Blink
  2485 | D:4      | Found an iron altar of Okawaru.
  2488 | D:4      | Found an iron altar of Okawaru.
  2488 | D:4      | Found a blossoming altar of Fedhas.
  2490 | D:4      | Found a hazy altar of Hepliaklqana.
  2490 | D:4      | Found a stormy altar of Qazlal.
  2490 | D:4      | Found a shimmering altar of Xom.
  2650 | D:4      | Identified the +8 sling of Xom's Regard {heavy, rC+ rCorr}
  2690 | D:4      | Found a shadowy altar of Dithmenos.
  2858 | D:4      | Reached skill level 1 in Ranged Weapons
  3075 | D:5      | Entered Level 5 of the Dungeon
  3121 | D:5      | Noticed Ijyb
  3126 | D:5      | Killed Ijyb
  3133 | D:5      | Reached XP level 7. HP: 17/53 MP: 7/7
  3138 | D:5      | HP: 2/53 [hound (4)]
  3138 | D:5      | Slain by a hound

Illustrated notes

Levels and vault maps discovered:
D:1:      dpeg_arrival_tiny_i, layout_basic, serial_shops, shop_fountains
D:2:      layout_basic, dilly_ecumenical_altar_fadedgnrine, serial_shops,
          nicolae_square_shop, nicolae_shop_tiny_statue_garden, shop
D:3:      layout_rooms, mainiacjoe_overflow_alcove_2, uniq_crazy_yiuf_cottage
D:4:      layout_basic, nicolae_dithmenos_the_darkroom, doesnt_xom_only_xom,
          kennysheep_generic_room_10
D:5:      layout_basic, mainiacjoe_overflow_chevrons,
          minmay_temple_entry_arrows, gammafunk_ghost_gnarly_gnolls, uniq_ijyb

Skill      XL: |  1  2  3  4  5  6 |
---------------+-------------------+-----
Fighting       | 3 4 5 6 |  6.3
Ranged Weapons | 3 |  3.1
Short Blades   | |  2.0
Throwing       | |  2.0
Dodging        | |  1.5
Stealth        | |  5.3

Action                     |  1- 3 |  4- 6 |  7- 9 || total
---------------------------+-------+-------+-------++-------
  Melee: Dagger            |    64 |    40 |       ||   104
         Constrict         |    14 |    10 |       ||    24
         Tentacles         |    10 |    14 |       ||    24
         Punch             |     1 |     1 |       ||     2
         Quarterstaff      |       |    12 |       ||    12
   Fire: Sling             |       |    28 |     5 ||    33
  Throw: Dart              |     7 |     3 |       ||    10
    Use: Potion            |       |     3 |     1 ||     4
         Scroll            |       |     3 |       ||     3
   Stab: Sleeping          |    15 |     8 |       ||    23
 Armour: Skin              |     4 |     5 |       ||     9
  Dodge: Dodged            |    25 |    45 |     8 ||    78

Table legend: (Time is in decaauts)
 A = Elapsed time spent in this place.
 B = Non-inter-level travel time spent in this place.
 C = Inter-level travel time spent in this place.
 D = Time resting spent in this place.
 E = Time spent auto-exploring this place.
 F = Levels seen in this place.
 G = Mean time per level.
                   A        B        C        D        E       F      G
               +--------+--------+--------+--------+--------+-----+--------+
         Total |   3156 |   2894 |    262 |    117 |   2245 |   5 |  631.2 |
       Dungeon |   3156 |   2894 |    262 |    117 |   2245 |   5 |  631.2 |
               +--------+--------+--------+--------+--------+-----+--------+

Top non-repeatable levels by time:
     D:2: 1241 daAuts
     D:4: 698 daAuts
     D:3: 590 daAuts
     D:1: 548 daAuts
     D:5: 78 daAuts
